← All builds
Geo / Armada / Economy first / OBSERVED BUILD

Standard geo

Armada Geo build order · Supreme Isthmus

Standard Geo economy into T2 constructor and Starlight/Jaguar units sent to front as usual, with support built for teammates along the way.

Usually blows up the commander for T2 (72%)

#eco #t2 #team support · 1359 distinct matches · 238 players · 55% of Armada Geo games · team won 55% of 1581 · Recently observed

HOW TO PLAY IT

Key timing: T2 constructor by 4:55

  1. Open 2 mex and wind, then Bot Lab by 0:35.
  2. Rush geothermal powerplant to fund T2 ahead of other roles.
  3. Get T2 constructor out to start building T2 units.
  4. Add Vehicle Plant and Advanced Geothermal for the T2 push.
  5. Fly first Starlight to front with a transport from Air.

Phase by phase

TYPICAL OF ITS 1359 GAMES
  1. 1
  2. 2
  3. 3
  4. 4
PLAY THE OPENING

Follow the example game's first 6:00 step by step: what to build now, what comes next, and where it goes. At 1× it keeps pace with your own game.

  1. 1

    Up to the Bot Lab

    Economy
    • Metal Extractor3Mex
    • Wind Turbine4Wind
    Order
    1. Bot LabBot Lab after 3 mex, 4 winddone ~1:11, middle half 0:58–1:21

    By 0:55 in all: 3 mex · 4 wind

    The example game in this phase · 4 steps
    1. Mex ×3
    2. Wind ×2for Beach sea
    3. Wind ×2
    4. Bot LabBot Labdone 1:20 · typical 1:11
  2. 2

    Bot Lab to 5:00

    Economy
    • Metal Extractor2Mex
    • Wind Turbine3Wind
    • Energy Converter8Converter
    • Energy Storage1Energy storage
    Order
    1. Geothermal PowerplantGeo after 4 mex, 5 wind, 1 energy storage
    2. Bot LabEat Bot Lab
    Builders
    • Construction Turret5 Con turret
    • Lazarus4 Lazarus
    • Construction Bot2 Con bot
    • Construction Bot1 Con bot for allies
    • Lazarus1 Lazarus for allies

    By 5:00 in all: 4 mex · 7 wind · 1 geo · 8 converter · 1 energy storage · 5 con turret

    The example game in this phase · 15 steps
    1. LazarusLazarus ×2
    2. LazarusLazarusfor Beach sea
    3. LazarusLazarus
    4. Construction BotCon bot
    5. Construction BotCon botfor Beach sea
    6. Energy storage
    7. Construction BotCon bot
    8. Mex
    9. Geothermal PowerplantGeodone 3:21 · typical 3:29
    10. Con turret ×3
    11. Converter ×5
    12. Con turret
    13. Converter
    14. Con turret
    15. Construction VehicleCon vehicle
  3. 3

    5:00 to Vehicle Plant

    Order
    1. Advanced Geothermal PowerplantAdvanced Geothermal Powerplant after 8 wind, 10 converter, 6 con turretin 57% of games
    2. Vehicle PlantVehicle Plant after 9 wind, 10 converter, 6 con turretdone ~7:06, middle half 6:38–7:32

    Some games also: con turret (49%) · converter (48%) · wind (40%)

    By 6:56 in all: 4 mex · 9 wind · 1 geo · 1 Advanced Geothermal Powerplant · 10 converter · 1 energy storage

    The example game in this phase · 1 step
    1. Vehicle PlantVehicle Plantdone 4:55 · typical 7:06
  4. 4

    Vehicle Plant to 10:00

    Economy
    • Wind Turbine5Wind
    • Energy Converter4Converter
    Order
    1. Advanced Vehicle PlantAdvanced Vehicle Plant after 10 wind, 11 converter, 6 con turret
    2. Vehicle PlantEat Vehicle Plant
    Builders
    • Construction Vehicle1 Con vehicle
    • Advanced Construction Vehicle1 T2 con vehicle for allies
    Army
    • Starlight2 Starlight
    • Umbra1 Jammer
    • Prophet1 Radar vehicle

    Some games also: con turret (48%) · Jaguar (36%)

    By 10:00 in all: 4 mex · 18 wind · 1 geo · 1 Advanced Geothermal Powerplant · 16 converter · 1 energy storage

    The example game in this phase · 59 steps
    1. Converter ×2
    2. Advanced Metal ExtractorT2 mex ×2done 5:55 · typical 5:38
    3. Advanced Geothermal PowerplantAdvanced Geothermal Powerplantdone 7:15 · typical 7:11
    4. Bot LabEat Bot Labreclaimed for its metal
    5. Advanced Metal ExtractorT2 mex
    6. Vehicle PlantEat Vehicle Plantreclaimed for its metal
    7. Advanced Metal ExtractorT2 mex
    8. Advanced Vehicle PlantAdvanced Vehicle Plantdone 7:42 · typical 8:02
    9. Advanced Construction VehicleT2 con vehicle
    10. MauserMauser ×2
    11. JaguarJaguar ×3
    12. MauserMauser ×4
    13. Con turret
    14. Advanced Metal ExtractorT2 mex
    15. JaguarJaguar
    16. Advanced Metal ExtractorT2 mex
    17. JaguarJaguar ×4
    18. Radar TowerRadar Tower
    19. JaguarJaguar ×3
    20. Advanced Metal ExtractorT2 mex
    21. StarlightStarlightdone 10:22 · typical 9:04
    22. UmbraJammer
    23. ProphetRadar vehicle
    24. Advanced Construction VehicleT2 con vehicle
    25. ShredderShredderdone 10:55
    26. TracerTracer
    27. ShredderShredder
    28. RattlesnakeRattlesnakedone 12:13
    29. CitadelAnti-nukedone 12:23
    30. ShredderShredder
    31. GremlinStealth tank
    32. Converter
    33. GremlinStealth tank
    34. JunoJuno
    35. Converter
    36. GremlinStealth tank
    37. Converter
    38. Pit BullPit Bull
    39. GremlinStealth tank
    40. Converter
    41. GremlinStealth tank
    42. Converter
    43. StarlightStarlight
    44. Converter ×4
    45. JaguarJaguar
    46. Converter
    47. JaguarJaguar
    48. Converter
    49. JaguarJaguar
    50. Converter
    51. JaguarJaguar
    52. Converter
    53. JaguarJaguar
    54. Converter
    55. JaguarJaguar ×2
    56. Converter
    57. JaguarJaguar ×2
    58. UmbraJammer
    59. ProphetRadar vehicle

Counts are medians over the build's games: half of them build more, half fewer. The example game is celestia_1x's (32 OS, 14/10/2026); pick another.

Team trades

IN AT LEAST 30% OF ITS GAMES

You hand over

  • Lazarus1 Lazarus to Beach seafirst at 2:17 · in 75% of games
  • Construction Bot1 Con bot to Beach seafirst at 2:27 · in 86% of games
  • Advanced Construction Vehicle1 T2 con vehicle to Suicide front or Frontfirst at 8:48 · in 63% of games

You get

  • Advanced Construction Bot1 T2 con bot from Techfirst at 4:53 · in 94% of games

How it plays out

Typical game of this build, running totals by minute

Metal produced

020k40k
0:005:0010:0015:00

metal

Enemy metal destroyed

05k10k15k
0:005:0010:0015:00

metal

Own metal lost

02k4k6k
0:005:0010:0015:00

metal

1581 games.

Show as table
ByMetal produced: This buildEnemy metal destroyed: This buildOwn metal lost: This build
1:0033300
2:0086100
3:00152700
4:00267100
5:00369400
6:00563600
7:00801500
8:001133500
9:00144064284
10:0017271472202
11:00201161737520
12:002298936141579
13:002573558742938
14:002858982524405
15:0031360102425550
WHAT THE NUMBERS SAY

Standard Geo play wins about half its games while destroying the most enemy metal by 15:00 among the roles shown here.

  • + Enemy metal destroyed jumps to 10560 by 15:00, highest of all six builds.
  • + Starlight makes up 34% of army, delivering the long-range T2 push.
  • − Own metal lost reaches 5977 by 15:00 from the aggressive T2 push.
  • − First Starlight only arrives in 60% of games, a late or inconsistent push.
THE EXAMPLE YOU ARE READING

celestia_1x

32.1 OS · 14/10/2026

Open source match ↗

2 received units · includes a constructor
927 metal received · 64677 energy received

Allied construction assistance is unknown. Timings are observations, not a promise of solo reproducibility.

Typical milestones

Bot Lab1:11Middle 50%: 0:58–1:21 · n=1580
Geothermal Powerplant3:29Middle 50%: 3:13–3:47 · n=1572
Advanced Metal Extractor5:38Middle 50%: 5:21–6:02 · n=1572
Vehicle Plant7:06Middle 50%: 6:38–7:32 · n=1528
Advanced Geothermal Powerplant7:11Middle 50%: 6:51–7:42 · n=1146
Advanced Vehicle Plant8:02Middle 50%: 7:40–8:33 · n=1463
Starlight9:04Middle 50%: 8:32–9:47 · n=1320

Played most by

0neTw0120games of this buildzeus_on_god119games of this buildXad53games of this buildTheGeneraI47games of this buildViltrum41games of this build